 Dungeon Crawl Stone Soup version 0.20.1-1-g8b1a95d (webtiles) character file.

127 QuCean the Skirmisher (level 5, 0/46 HPs)
             Began as a Hill Orc Fighter on Oct 18, 2017.
             Killed from afar by Sigmund (9 damage)
             ... with a magic dart
             ... on level 3 of the Dungeon.
             The game lasted 00:06:27 (1835 turns).

QuCean the Skirmisher (Hill Orc Fighter)            Turns: 1835, Time: 00:06:28

Health: 0/46       AC: 10    Str: 20    XL:     5   Next: 11%
Magic:  5/5        EV:  7    Int:  8    God:
Gold:   75         SH:  0    Dex: 10    Spells: 4/4 levels left

rFire    . . .     SeeInvis .   a - +0 war axe
rCold    . . .     Gourm    .   c - +1 shield
rNeg     . . .     Faith    .   b - +0 scale mail
rPois    +         Spirit   .   p - +2 helmet
rElec    .         Reflect  .   (no cloak)
rCorr    .         Harm     .   (no gloves)
MR       .....                  (no boots)
Stlth    ..........             (no amulet)
Regen    0.2/turn               s - ring of poison resistance
MPRegen  0.1/turn               (no ring)

@: confused
A: no striking features
a: no special abilities


You were on level 3 of the Dungeon.
You were not hungry.

You visited 1 branch of the dungeon, and saw 3 of its levels.

You collected 75 gold pieces.

Inventory:

Hand Weapons
 a - a +0 war axe (weapon)
Armour
 b - a +0 scale mail (worn)
 c - a +1 shield (worn)
 p - a +2 helmet (worn)
Jewellery
 s - a ring of poison resistance (left hand)
Scrolls
 h - a scroll of enchant armour
 k - a scroll of teleportation {unknown}
 m - a scroll of immolation {unknown}
 n - a scroll of amnesia {unknown}
 o - 2 scrolls of fear {unknown}
 r - a scroll of identify {unknown}
Potions
 d - a potion of might
 e - a potion of lignification {unknown}
 q - a potion of experience {unknown}
Comestibles
 f - 2 bread rations
 g - 4 chunks of flesh
 j - 3 royal jellies
 l - a meat ration
 t - 2 fruits


   Skills:
 + Level 4.3 Fighting
 + Level 4.0 Axes
 + Level 4.2 Armour
 + Level 0.7 Dodging
 + Level 0.1 Stealth
 + Level 4.0 Shields


You had 4 spell levels left.
You didn't know any spells.

Dungeon Overview and Level Annotations

Branches:
Dungeon (3/15)

Altars:
Ashenzari

Annotations:
D:3 Sigmund


Message History

You hit something. Something hits you! Something burns you.
You barely miss something. Something hits you but does no damage.
You closely miss something. Something hits you! Something burns you.
You closely miss something. Something hits you but does no damage.
You slash something! You closely miss something.
You hear some strange, mumbled words.
You are confused.
You hear some strange, mumbled words.
A puff of flame appears from out of thin air!
The puff of flame hits you!
Your shield and scale mail prevent you from hitting something.
Something hits you.
* * * LOW HITPOINT WARNING * * *
Something burns you.
* * * LOW HITPOINT WARNING * * *
You hear some strange, mumbled words.
A magic dart appears from out of thin air!
The magic dart hits you!
You die...

#.......# ######.#####.#
#......### #.##### ##
##.###.....#.....# #.
#...##.###.#####.#####.
#......................
#####.#.##..##.#.###.......
.........†{................
#####.#.##@#.##....##.#####
.............<.. #.#
###!#......##.%# #.#
....##.#####.. #.# .####
#.# #. ..# . .(># ..
..#####. #........ .....


There were no monsters in sight!

Vanquished Creatures
  Terence (D:2)
  Robin (D:3)
  3 adders (D:2)
  A worm (D:3)
  3 leopard geckos (D:1)
  6 bats
  A giant cockroach (D:2)
  16 goblins
  6 hobgoblins
  2 jackals (D:2)
  2 quokkas (D:3)
  A frilled lizard (D:2)
  3 kobolds (D:1)
  10 rats
56 creatures vanquished.

Notes
Turn   | Place    | Note
-------+----------+-------------------------------------------
     0 | D:1      | QuCean the Hill Orc Fighter began the quest for the Orb.
     0 | D:1      | Reached XP level 1. HP: 19/19 MP: 1/1
   133 | D:1      | Reached XP level 2. HP: 18/27 MP: 2/2
   666 | D:2      | Reached XP level 3. HP: 33/33 MP: 3/3
   851 | D:2      | Noticed Robin
  1208 | D:3      | Killed Robin
  1208 | D:3      | Reached XP level 4. HP: 38/40 MP: 4/4
  1294 | D:2      | Found a shattered altar of Ashenzari.
  1302 | D:2      | Noticed Terence
  1323 | D:2      | Killed Terence
  1400 | D:2      | Reached XP level 5. HP: 41/46 MP: 5/5
  1819 | D:3      | Noticed Sigmund
  1835 | D:3      | Killed from afar by Sigmund

Skill      XL: |  1  2  3  4  5 |
---------------+----------------+-----
Armour         | 4 |  4.2
Axes           | 3 4 |  4.0
Fighting       | 4 |  4.3
Shields        | 4 |  4.0
Dodging        | |  0.7
Stealth        | |  0.1

Action                   |  1- 3 |  4- 6 || total
-------------------------+-------+-------++-------
Melee: War axe           |   106 |    91 ||   197
  Use: Scroll            |     2 |     1 ||     3
  Eat: Chunk             |     1 |     2 ||     3
Armor: Scale mail        |    87 |    31 ||   118
Dodge: Dodged            |    54 |    28 ||    82
Block: Shield            |    97 |    43 ||   140
